Ice Caps vs Americans

Created - Tuesday, April 26, 2016 at 00:23

Goals
1 2 3 T
Ice Caps 0 1 1 2
Americans 1 0 0 1
Shots
1 2 3 T
Ice Caps 9 8 8 25
Americans 12 12 6 30

1st period

1. Americans , Tim Jackman 3 (Nick Cousins) at 2:09 (PP)

Penalties :
Tim Kennedy (STJ) for Hooking (Minor) at 2:00, Dany Heatley (RCH) for Fighting (Major) at 5:00, B.J. Crombeen (STJ) for Fighting (Major) at 5:00, Patrick Bordeleau (RCH) for Hooking (Minor) at 7:25, Daniel Maggio (RCH) for Holding (Minor) at 9:43

2nd period

2. Ice Caps , Jordie Benn 3 (Trevor Smith, Shawn Thornton) at 10:16 (PP)

Penalties :
Grant Clitsome (RCH) for Holding (Minor) at 1:24, Jeff Zatkoff (STJ) for Delaying the game (Minor) at 4:08 - Troy Bodie served the penalty, Dany Heatley (RCH) for Fighting (Major) at 6:53, B.J. Crombeen (STJ) for Fighting (Major) at 6:53, Daniel Maggio (RCH) for Holding (Minor) at 9:57, Tim Jackman (RCH) for Fighting (Major) at 10:41, Derek Grant (STJ) for Fighting (Major) at 10:41, TJ Galiardi (STJ) for Hooking (Minor) at 11:16, Peter Andersson (RCH) for Fighting (Major) at 13:31, Troy Bodie (STJ) for Fighting (Major) at 13:31, Peter Andersson (RCH) for instigated a fight (Minor) at 13:31, Peter Andersson (RCH) for instigated and being the aggresor in a fight (20 Minutes Game Misconduct) at 13:31, Daniel Maggio (RCH) for Hooking (Minor) at 16:09

3rd period

3. Ice Caps , Shawn Thornton 1 (Trevor Smith, Alex Grant) at 6:13 (PP)

Penalties :
Justin Hodgman (RCH) for Fighting (Major) at 1:23, B.J. Crombeen (STJ) for Fighting (Major / Game Misconduct) at 1:23, Grant Clitsome (RCH) for Slashing (Minor) at 5:47

Goalie Stats

Jeff Zatkoff (STJ), 29 saves from 30 shots - (0.967), W, 4-3-0, 60:00 minutes
Petr Mrazek (RCH), 23 saves from 25 shots - (0.920), L, 3-1-1, 59:38 minutes

Players Stats for Ice Caps

Player Name              G  A  P  +/- PIM S  H  SB GA TA FO     MP     PP MP  PK MP  
------------------------------------------------------------------------------------
Alex Biega               0  0  0   0  0   0  3  1  0  1  0/0    20:53   5:14   0:44 
Alex Grant               0  1  1   0  0   0  3  1  0  1  0/0    27:01   5:26   3:23 
B.J. Crombeen            0  0  0   0  25  0  2  0  5  0  0/0     9:19   3:48   0:44 
Bobby Sanguinetti        0  0  0   0  0   0  1  2  1  1  0/0    20:53   5:14   0:44 
Brandon Yip              0  0  0   0  0   1  2  0  5  1  2/3    12:53   0:00   2:20 
Chris Conner             0  0  0   0  0   2  1  1  0  0  1/1    17:58   5:08   0:00 
Derek Grant              0  0  0   0  5   5  1  0  4  0  9/14   18:00   4:02   0:48 
Drew LeBlanc             0  0  0   0  0   1  0  0  0  1  0/0    10:13   0:00   0:00 
Jordie Benn              1  0  1   0  0   10 1  3  1  2  0/0    27:01   5:26   3:23 
Kyle MacKinnon           0  0  0   0  0   1  2  1  0  1  2/5    11:06   0:03   0:27 
Nathan Oystrick          0  0  0   0  0   0  0  1  0  2  0/0    12:06   0:00   0:00 
Nick D'Agostino          0  0  0   0  0   0  0  0  1  1  0/0    12:06   0:00   0:00 
Paul Carey               0  0  0   0  0   2  1  0  6  0  1/2    16:04   2:23   0:00 
Shawn Thornton           1  1  2   0  0   2  3  0  4  0  0/3    19:10   5:32   0:00 
Tim Kennedy              0  0  0   0  2   0  0  0  1  0  1/4     9:28   0:00   0:00 
TJ Galiardi              0  0  0   0  2   0  2  0  0  1  4/16   20:12   5:32   1:20 
Trevor Smith             0  2  2   0  0   1  0  2  2  2  0/0    21:44   5:32   2:39 
Troy Bodie               0  0  0   0  5   0  2  0  1  1  0/0     9:43   0:00   0:00 

Players Stats for Americans

Player Name              G  A  P  +/- PIM S  H  SB GA TA FO     MP     PP MP  PK MP  
------------------------------------------------------------------------------------
Daniel Maggio            0  0  0   0  6   0  1  1  0  4  0/0    15:08   0:00   0:00 
Dany Heatley             0  0  0   0  10  3  0  0  2  1  1/1    13:21   2:01   2:33 
Dylan DeMelo             0  0  0   0  0   3  0  1  0  1  0/0    20:11   1:51   5:26 
Grant Clitsome           0  0  0   0  4   1  1  2  1  2  0/0    26:34   2:16   4:48 
Jake Chelios             0  0  0   0  0   2  2  0  1  1  0/0    20:06   1:51   3:10 
Jerome Samson            0  0  0   0  0   2  0  0  1  1  0/2     8:40   0:00   0:00 
Joel Vermin              0  0  0   0  0   1  1  1  2  0  0/0    15:10   0:00   2:17 
Justin Hodgman           0  0  0   0  5   3  3  0  1  0  3/5    13:20   1:28   0:00 
Kevin Sundher            0  0  0   0  0   1  2  0  1  0  3/6    10:06   0:00   0:00 
Marc-Andre Cliche        0  0  0   0  0   2  1  0  0  1  8/11   20:59   1:31   7:46 
Nate Schmidt             0  0  0   0  0   2  0  5  2  3  0/0    26:44   2:16   5:14 
Nick Cousins             0  1  1   0  0   2  2  0  3  1  7/16   18:48   2:36   2:27 
Patrick Bordeleau        0  0  0   0  2   3  2  0  0  1  0/0    20:20   1:56   6:07 
Peter Andersson          0  0  0   0  27  0  0  0  0  1  0/0     9:36   0:00   2:42 
Petri Kontiola           0  0  0   0  0   0  1  1  1  0  5/6    11:12   0:00   0:00 
Ruslan Fedotenko         0  0  0   0  0   0  0  0  0  0  0/0    12:04   0:00   0:40 
Spencer Abbott           0  0  0   0  0   2  4  0  5  1  1/1    13:51   1:31   0:00 
Tim Jackman              1  0  1   0  5   3  1  0  3  2  0/0    13:29   1:18   0:00 

3 Stars

1 - Jeff Zatkoff (STJ)
2 - Shawn Thornton (STJ)
3 - Jordie Benn (STJ)

Power Play

Ice Caps - 2 on 7 Attempt(s) - 28.57%
Americans - 1 on 3 Attempt(s) - 33.33%

Penalty Kill

Ice Caps - 2 on 3 Attempt(s) - 66.67% - Score 0 goal in Penalty Kill
Americans - 5 on 7 Attempt(s) - 71.43% - Score 0 goal in Penalty Kill

Team Stat

Ice Caps - Hits : 24 - Faceoff Wins : 20 - Blocked Shots : 12 - Penalty Minutes : 39
Americans - Hits : 21 - Faceoff Wins : 28 - Blocked Shots : 11 - Penalty Minutes : 59

Official

Referees : Unknown
Linesman : Unknown

Game Notes

B.J. Crombeen beats up Dany Heatley at 5:00 of 1st period
5:25 of 2nd period - Americans goal is going for a video replay. After video review, No Goal. The net was displaced accidentally.
B.J. Crombeen beats up Dany Heatley at 6:53 of 2nd period
Derek Grant beats up Tim Jackman at 10:41 of 2nd period
Peter Andersson and Troy Bodie fight to a draw at 13:31 of 2nd period
Peter Andersson ejected from game at 13:31 of 2nd period
Justin Hodgman beats up B.J. Crombeen at 1:23 of 3rd period
B.J. Crombeen ejected from game at 1:23 of 3rd period

Finance

Level 1 -- Attendance: 1811 (90.55%) -- Ticket Income $36,220
Level 2 -- Attendance: 822 (82.20%) -- Ticket Income $6,576
Total Attendance: 2633 (87.77%)
Total Ticket Income: $42,796
Other Income: $20,970
Total Income: $63,766

Ice Caps

5 vs 5 Forward 
   Center                   Left Wing                Right Wing               Time % Phy DF OF 
 1 TJ Galiardi              Trevor Smith             Shawn Thornton           35     1   2  2  
 2 Derek Grant              Chris Conner             B.J. Crombeen            30     1   2  2  
 3 Tim Kennedy              Paul Carey               Troy Bodie               22     1   2  2  
 4 Kyle MacKinnon           Brandon Yip              Drew LeBlanc             13     1   2  2  

5 vs 5 Defense 
   Defense                  Defense                                           Time % Phy DF OF 
 1 Jordie Benn              Alex Grant                                        35     1   2  2  
 2 Bobby Sanguinetti        Alex Biega                                        30     1   2  2  
 3 Nick D'Agostino          Nathan Oystrick                                   22     1   2  2  
 4 Jordie Benn              Alex Grant                                        13     1   2  2  

PowerPlay Forward 
   Center                   Left Wing                Right Wing               Time % Phy DF OF 
 1 TJ Galiardi              Trevor Smith             Shawn Thornton           60     1   2  2  
 2 Derek Grant              Chris Conner             B.J. Crombeen            40     1   2  2  

PowerPlay Defense
   Defense                  Defense                                           Time % Phy DF OF 
 1 Jordie Benn              Alex Grant                                        60     1   2  2  
 2 Bobby Sanguinetti        Alex Biega                                        40     1   2  2  

Penalty Kill 4 Players Forward 
   Center                   Wing                     Time % Phy DF OF 
 1 TJ Galiardi              Trevor Smith             60     1   2  2  
 2 Shawn Thornton           Chris Conner             40     1   2  2  

Penalty Kill 4 Players Defense
   Defense                  Defense                  Time % Phy DF OF 
 1 Jordie Benn              Alex Grant               60     1   2  2  
 2 Bobby Sanguinetti        Alex Biega               40     1   2  2  

Penalty Kill - 3 Players Forward 
   Forward                                           Time % Phy DF OF 
 1 TJ Galiardi                                       60     1   2  2  
 2 Trevor Smith                                      40     1   2  2  

Penalty Kill - 3 Players Defense
   Defense                  Defense                  Time % Phy DF OF 
 1 Jordie Benn              Alex Grant               60     1   2  2  
 2 Bobby Sanguinetti        Alex Biega               40     1   2  2  

4 vs 4 Forward 
   Center                   Wing                     Time % Phy DF OF 
 1 TJ Galiardi              Trevor Smith             60     1   2  2  
 2 Shawn Thornton           Chris Conner             40     1   2  2  

4 vs 4 Defense
   Defense                  Defense                  Time % Phy DF OF 
 1 Jordie Benn              Alex Grant               60     1   2  2  
 2 Bobby Sanguinetti        Alex Biega               40     1   2  2  

Last Minutes Offensive
   Center                   Left Wing                Right Wing               Defense                  Defense                  
   TJ Galiardi              Trevor Smith             Shawn Thornton           Jordie Benn              Alex Grant               

Last Minutes Defensive
   Center                   Left Wing                Right Wing               Defense                  Defense                  
   TJ Galiardi              Trevor Smith             Shawn Thornton           Jordie Benn              Alex Grant               

Goaltenders
Starting : Jeff Zatkoff             
Backup : Scott Greenham           

Extra Forwards
Normal : Paul Carey, Troy Bodie, Brandon Yip - PP : Paul Carey, Troy Bodie - PK : Brandon Yip
Extra Defensemen
Normal : Nick D'Agostino, Nathan Oystrick, Bobby Sanguinetti - PP : Nick D'Agostino - PK : Nathan Oystrick, Bobby Sanguinetti
Penalty Shots
TJ Galiardi, Trevor Smith, Shawn Thornton, Chris Conner, B.J. Crombeen

Americans

5 vs 5 Forward 
   Center                   Left Wing                Right Wing               Time % Phy DF OF 
 1 Nick Cousins             Patrick Bordeleau        Tim Jackman              35     1   2  2  
 2 Justin Hodgman           Marc-Andre Cliche        Spencer Abbott           30     1   2  2  
 3 Petri Kontiola           Ruslan Fedotenko         Joel Vermin              22     1   2  2  
 4 Kevin Sundher            Dany Heatley             Jerome Samson            13     1   2  2  

5 vs 5 Defense 
   Defense                  Defense                                           Time % Phy DF OF 
 1 Nate Schmidt             Grant Clitsome                                    35     1   2  2  
 2 Dylan DeMelo             Jake Chelios                                      30     1   2  2  
 3 Peter Andersson          Daniel Maggio                                     22     1   2  2  
 4 Grant Clitsome           Nate Schmidt                                      13     1   2  2  

PowerPlay Forward 
   Center                   Left Wing                Right Wing               Time % Phy DF OF 
 1 Nick Cousins             Patrick Bordeleau        Tim Jackman              60     1   2  2  
 2 Marc-Andre Cliche        Dany Heatley             Spencer Abbott           40     1   2  2  

PowerPlay Defense
   Defense                  Defense                                           Time % Phy DF OF 
 1 Nate Schmidt             Grant Clitsome                                    60     1   2  2  
 2 Dylan DeMelo             Jake Chelios                                      40     1   2  2  

Penalty Kill 4 Players Forward 
   Center                   Wing                     Time % Phy DF OF 
 1 Marc-Andre Cliche        Patrick Bordeleau        60     1   2  2  
 2 Nick Cousins             Dany Heatley             40     1   2  2  

Penalty Kill 4 Players Defense
   Defense                  Defense                  Time % Phy DF OF 
 1 Grant Clitsome           Dylan DeMelo             60     1   2  2  
 2 Nate Schmidt             Peter Andersson          40     1   2  2  

Penalty Kill - 3 Players Forward 
   Forward                                           Time % Phy DF OF 
 1 Marc-Andre Cliche                                 60     1   2  2  
 2 Nick Cousins                                      40     1   2  2  

Penalty Kill - 3 Players Defense
   Defense                  Defense                  Time % Phy DF OF 
 1 Grant Clitsome           Dylan DeMelo             60     1   2  2  
 2 Nate Schmidt             Peter Andersson          40     1   2  2  

4 vs 4 Forward 
   Center                   Wing                     Time % Phy DF OF 
 1 Nick Cousins             Tim Jackman              60     1   2  2  
 2 Marc-Andre Cliche        Spencer Abbott           40     1   2  2  

4 vs 4 Defense
   Defense                  Defense                  Time % Phy DF OF 
 1 Nate Schmidt             Grant Clitsome           60     1   2  2  
 2 Dylan DeMelo             Jake Chelios             40     1   2  2  

Last Minutes Offensive
   Center                   Left Wing                Right Wing               Defense                  Defense                  
   Nick Cousins             Spencer Abbott           Tim Jackman              Nate Schmidt             Grant Clitsome           

Last Minutes Defensive
   Center                   Left Wing                Right Wing               Defense                  Defense                  
   Marc-Andre Cliche        Dany Heatley             Tim Jackman              Grant Clitsome           Nate Schmidt             

Goaltenders
Starting : Petr Mrazek              
Backup : Jason LaBarbera          

Extra Forwards
Normal : Marc-Andre Cliche, Justin Hodgman, Nick Cousins - PP : Justin Hodgman, Dany Heatley - PK : Joel Vermin
Extra Defensemen
Normal : Peter Andersson, Daniel Maggio, Jake Chelios - PP : Peter Andersson - PK : Jake Chelios, Dylan DeMelo
Penalty Shots
Nick Cousins, Ruslan Fedotenko, Spencer Abbott, Joel Vermin, Dany Heatley

% Time on Ice - Ice Caps

Lines # - Real PCT - Wanted PCT - Time Play
Normal Forward
1 - 29% - 35% - 13:03
2 - 29% - 30% - 12:50
3 - 21% - 22% - 9:29
4 - 21% - 13% - 9:20
Normal Defense
1 - 35% - 35% - 15:33
2 - 33% - 30% - 14:55
3 - 27% - 22% - 12:06
4 - 5% - 13% - 2:08
PP Forward
1 - 52% - 60% - 5:32
2 - 48% - 40% - 5:08
PP Defense
1 - 51% - 60% - 5:26
2 - 49% - 40% - 5:14
PK Forward
1 - 100% - 60% - 4:07
2 - 0% - 40% - 0:00
PK Defense
1 - 82% - 60% - 3:23
2 - 18% - 40% - 0:44
PK3 Forward
1 - 0% - 60%
2 - 0% - 40%
PK3 Defense
1 - 0% - 60%
2 - 0% - 40%
44 Forward
1 - 0% - 60%
2 - 0% - 40%
44 Defense
1 - 0% - 60%
2 - 0% - 40%
Last Minute Offensive  - 0:00
Last Minute Defensive  - 0:31
Total
Forward - 60:00
Defense - 60:00

% Time on Ice - Americans

Lines # - Real PCT - Wanted PCT - Time Play
Normal Forward
1 - 28% - 35% - 12:41
2 - 28% - 30% - 12:21
3 - 25% - 22% - 11:12
4 - 19% - 13% - 8:18
Normal Defense
1 - 32% - 35% - 14:19
2 - 25% - 30% - 10:59
3 - 40% - 22% - 18:01
4 - 3% - 13% - 1:13
PP Forward
1 - 63% - 60% - 2:36
2 - 37% - 40% - 1:31
PP Defense
1 - 55% - 60% - 2:16
2 - 45% - 40% - 1:51
PK Forward
1 - 77% - 60% - 8:13
2 - 23% - 40% - 2:27
PK Defense
1 - 51% - 60% - 5:26
2 - 49% - 40% - 5:14
PK3 Forward
1 - 0% - 60%
2 - 0% - 40%
PK3 Defense
1 - 0% - 60%
2 - 0% - 40%
44 Forward
1 - 0% - 60%
2 - 0% - 40%
44 Defense
1 - 0% - 60%
2 - 0% - 40%
Last Minute Offensive  - 0:41
Last Minute Defensive  - 0:00
Total
Forward - 60:00
Defense - 60:00

Play by Play

1st period


0:01 of 1st period - TJ Galiardi wins face-off versus Nick Cousins in neutral zone.
0:34 of 1st period - Nate Schmidt is hit by TJ Galiardi and loses puck.
0:49 of 1st period - Marc-Andre Cliche is hit by Alex Grant and loses puck.
1:02 of 1st period - B.J. Crombeen is hit by Justin Hodgman and loses puck.
1:09 of 1st period - Wrist shot by Chris Conner.
1:09 of 1st period - Shot Blocked by Nate Schmidt.
1:30 of 1st period - Ruslan Fedotenko is hit by Troy Bodie and loses puck.
1:53 of 1st period - Slapshot by Jake Chelios.
1:53 of 1st period - Shot Blocked by Bobby Sanguinetti.
2:00 of 1st period - Minor Penalty to Tim Kennedy for Hooking.
2:01 of 1st period - Nick Cousins wins face-off versus TJ Galiardi in Ice Caps zone.
2:01 of 1st period - Backhand shot by Patrick Bordeleau.
2:01 of 1st period - Stopped by Jeff Zatkoff without a rebound.
2:02 of 1st period - Nick Cousins wins face-off versus TJ Galiardi in Ice Caps zone.
2:09 of 1st period - Slapshot by Tim Jackman.
2:09 of 1st period - Goal by Tim Jackman - Ice Caps : 0 - Americans : 1.
2:10 of 1st period - Kyle MacKinnon wins face-off versus Kevin Sundher in neutral zone.
2:17 of 1st period - Slapshot by Jordie Benn.
2:17 of 1st period - Stopped by Petr Mrazek without a rebound.
2:18 of 1st period - Kyle MacKinnon wins face-off versus Kevin Sundher in Americans zone.
2:39 of 1st period - Slapshot by Jerome Samson.
2:39 of 1st period - Shot Misses the Net.
2:41 of 1st period - Wrist shot by Jerome Samson.
2:41 of 1st period - Stopped by Jeff Zatkoff with a rebound.
2:43 of 1st period - Slapshot by Kevin Sundher.
2:43 of 1st period - Shot Misses the Net.
3:33 of 1st period - TJ Galiardi is hit by Nick Cousins and loses puck.
3:46 of 1st period - Snap shot by Spencer Abbott.
3:46 of 1st period - Shot Blocked by Trevor Smith.
3:52 of 1st period - Slapshot by Nate Schmidt.
3:52 of 1st period - Shot Misses the Net.
3:54 of 1st period - Slapshot by Spencer Abbott.
3:54 of 1st period - Shot Misses the Net.
3:56 of 1st period - Snap shot by Marc-Andre Cliche.
3:56 of 1st period - Stopped by Jeff Zatkoff with a rebound.
3:58 of 1st period - Wrist shot by Justin Hodgman.
3:58 of 1st period - Shot Misses the Net.
4:06 of 1st period - Shawn Thornton is hit by Spencer Abbott and loses puck.
4:41 of 1st period - Slapshot by Dylan DeMelo.
4:41 of 1st period - Stopped by Jeff Zatkoff without a rebound.
4:42 of 1st period - Kevin Sundher wins face-off versus Derek Grant in Ice Caps zone.
4:45 of 1st period - Wrist shot by Dany Heatley.
4:45 of 1st period - Stopped by Jeff Zatkoff with a rebound.
4:47 of 1st period - Snap shot by Dylan DeMelo.
4:47 of 1st period - Stopped by Jeff Zatkoff with a rebound.
4:49 of 1st period - Slapshot by Jake Chelios.
4:49 of 1st period - Shot Misses the Net.
5:00 of 1st period - B.J. Crombeen beats up Dany Heatley.
5:00 of 1st period - Penalty to Dany Heatley for Fighting.
5:00 of 1st period - Penalty to B.J. Crombeen for Fighting.
5:01 of 1st period - Tim Kennedy wins face-off versus Nick Cousins in Ice Caps zone.
5:26 of 1st period - Wrist shot by Patrick Bordeleau.
5:26 of 1st period - Shot Misses the Net.
5:28 of 1st period - Wrist shot by Nate Schmidt.
5:28 of 1st period - Stopped by Jeff Zatkoff without a rebound.
5:29 of 1st period - Chris Conner wins face-off versus Justin Hodgman in Ice Caps zone.
6:32 of 1st period - Joel Vermin is hit by Brandon Yip and loses puck.
6:37 of 1st period - Slapshot by Jordie Benn.
6:37 of 1st period - Stopped by Petr Mrazek without a rebound.
6:38 of 1st period - Nick Cousins wins face-off versus TJ Galiardi in Americans zone.
6:47 of 1st period - Slapshot by Tim Jackman.
6:47 of 1st period - Deflect By Nick Cousins.
6:47 of 1st period - Shot Blocked by Jordie Benn.
6:47 of 1st period - Puck is out of play.
6:48 of 1st period - Nick Cousins wins face-off versus Shawn Thornton in Ice Caps zone.
6:53 of 1st period - Wrist shot by Tim Jackman.
6:53 of 1st period - Stopped by Jeff Zatkoff with a rebound.
7:25 of 1st period - Minor Penalty to Patrick Bordeleau for Hooking.
7:26 of 1st period - Derek Grant wins face-off versus Marc-Andre Cliche in Americans zone.
7:31 of 1st period - Slapshot by Jordie Benn.
7:31 of 1st period - Stopped by Petr Mrazek with a rebound.
7:33 of 1st period - Wrist shot by Derek Grant.
7:33 of 1st period - Stopped by Petr Mrazek with a rebound.
7:35 of 1st period - Snap shot by Derek Grant.
7:35 of 1st period - Stopped by Petr Mrazek without a rebound.
7:36 of 1st period - Marc-Andre Cliche wins face-off versus Derek Grant in Americans zone.
7:51 of 1st period - Slapshot by Jordie Benn.
7:51 of 1st period - Stopped by Petr Mrazek with a rebound.
7:53 of 1st period - Backhand shot by Alex Grant.
7:53 of 1st period - Shot Blocked by Grant Clitsome.
7:55 of 1st period - Snap shot by Derek Grant.
7:55 of 1st period - Stopped by Petr Mrazek without a rebound.
7:56 of 1st period - Marc-Andre Cliche wins face-off versus TJ Galiardi in Americans zone.
9:25 of 1st period - Penalty to Patrick Bordeleau is over, Patrick Bordeleau is back on ice.
9:34 of 1st period - Backhand shot by Patrick Bordeleau.
9:34 of 1st period - Shot Misses the Net.
9:36 of 1st period - Snap shot by Nick Cousins.
9:36 of 1st period - Stopped by Jeff Zatkoff without a rebound.
9:37 of 1st period - Kevin Sundher wins face-off versus Kyle MacKinnon in Ice Caps zone.
9:43 of 1st period - Minor Penalty to Daniel Maggio for Holding.
9:44 of 1st period - Marc-Andre Cliche wins face-off versus TJ Galiardi in Americans zone.
10:00 of 1st period - Penalty to Dany Heatley is over, Dany Heatley is back on ice.
10:38 of 1st period - Nick Cousins is hit by Chris Conner and loses puck.
11:40 of 1st period - Joel Vermin is hit by Alex Biega and loses puck.
11:43 of 1st period - Penalty to Daniel Maggio is over, Daniel Maggio is back on ice.
12:40 of 1st period - Wrist shot by Jerome Samson.
12:40 of 1st period - Shot Misses the Net.
12:46 of 1st period - Wrist shot by Dany Heatley.
12:46 of 1st period - Shot Blocked by Nathan Oystrick.
12:48 of 1st period - Slapshot by Jake Chelios.
12:48 of 1st period - Stopped by Jeff Zatkoff with a rebound.
13:24 of 1st period - Troy Bodie is hit by Justin Hodgman and loses puck.
14:10 of 1st period - Snap shot by Nick Cousins.
14:10 of 1st period - Shot Blocked by Alex Grant.
14:12 of 1st period - Snap shot by Jake Chelios.
14:12 of 1st period - Stopped by Jeff Zatkoff with a rebound.
14:14 of 1st period - Slapshot by Nick Cousins.
14:14 of 1st period - Shot Misses the Net.
14:16 of 1st period - Wrist shot by Nick Cousins.
14:16 of 1st period - Shot Misses the Net.
14:44 of 1st period - Nathan Oystrick is hit by Petri Kontiola and loses puck.
15:03 of 1st period - Wrist shot by TJ Galiardi.
15:03 of 1st period - Shot Misses the Net.
15:26 of 1st period - Nathan Oystrick is hit by Kevin Sundher and loses puck.
15:39 of 1st period - Marc-Andre Cliche is hit by Kyle MacKinnon and loses puck.
18:07 of 1st period - Icing by Trevor Smith.
18:08 of 1st period - TJ Galiardi wins face-off versus Petri Kontiola in Ice Caps zone.
18:25 of 1st period - Slapshot by Brandon Yip.
18:25 of 1st period - Stopped by Petr Mrazek with a rebound.
19:02 of 1st period - Jordie Benn is hit by Daniel Maggio and loses puck.
19:15 of 1st period - Grant Clitsome is hit by B.J. Crombeen and loses puck.
19:43 of 1st period - Daniel Maggio is hit by Shawn Thornton.
19:47 of 1st period - Snap shot by Shawn Thornton.
19:47 of 1st period - Stopped by Petr Mrazek with a rebound.
Goals for this period are 0 for Ice Caps vs 1 for Americans.
Shots for this period are 9 for Ice Caps vs 12 for Americans.

2nd period


0:01 of 2nd period - Justin Hodgman wins face-off versus Derek Grant in neutral zone.
0:14 of 2nd period - Wrist shot by Spencer Abbott.
0:14 of 2nd period - Stopped by Jeff Zatkoff without a rebound.
0:15 of 2nd period - Derek Grant wins face-off versus Justin Hodgman in Ice Caps zone.
0:15 of 2nd period - Derek Grant is hit by Spencer Abbott.
0:58 of 2nd period - Trevor Smith is hit by Patrick Bordeleau and loses puck.
1:05 of 2nd period - Trevor Smith is hit by Patrick Bordeleau and loses puck.
1:12 of 2nd period - Shawn Thornton is hit by Tim Jackman and loses puck.
1:24 of 2nd period - Minor Penalty to Grant Clitsome for Holding.
1:25 of 2nd period - Marc-Andre Cliche wins face-off versus TJ Galiardi in Americans zone.
1:25 of 2nd period - Marc-Andre Cliche is hit by Shawn Thornton.
2:02 of 2nd period - Slapshot by Patrick Bordeleau.
2:02 of 2nd period - Stopped by Jeff Zatkoff without a rebound.
2:03 of 2nd period - Derek Grant wins face-off versus Marc-Andre Cliche in Ice Caps zone.
2:14 of 2nd period - Nate Schmidt is hit by Alex Grant.
3:16 of 2nd period - Snap shot by Derek Grant.
3:16 of 2nd period - Shot Blocked by Nate Schmidt.
3:18 of 2nd period - Snap shot by Alex Biega.
3:18 of 2nd period - Shot Misses the Net.
3:24 of 2nd period - Penalty to Grant Clitsome is over, Grant Clitsome is back on ice.
3:32 of 2nd period - Snap shot by Trevor Smith.
3:32 of 2nd period - Shot Misses the Net.
3:34 of 2nd period - Snap shot by Trevor Smith.
3:34 of 2nd period - Stopped by Petr Mrazek without a rebound.
3:35 of 2nd period - Petri Kontiola wins face-off versus TJ Galiardi in Americans zone.
3:40 of 2nd period - Nathan Oystrick is hit by Jake Chelios and loses puck.
3:47 of 2nd period - Jake Chelios is hit by TJ Galiardi and loses puck.
3:58 of 2nd period - Slapshot by Joel Vermin.
3:58 of 2nd period - Stopped by Jeff Zatkoff without a rebound.
3:59 of 2nd period - Kevin Sundher wins face-off versus Tim Kennedy in Ice Caps zone.
4:04 of 2nd period - Snap shot by Kevin Sundher.
4:04 of 2nd period - Stopped by Jeff Zatkoff with a rebound.
4:06 of 2nd period - Snap shot by Dylan DeMelo.
4:06 of 2nd period - Deflect By Paul Carey.
4:06 of 2nd period - Stopped by Jeff Zatkoff with a rebound.
4:08 of 2nd period - Slapshot by Dany Heatley.
4:08 of 2nd period - Stopped by Jeff Zatkoff without a rebound.
4:08 of 2nd period - Minor Penalty to Jeff Zatkoff for Delaying the game.
4:09 of 2nd period - TJ Galiardi wins face-off versus Nick Cousins in Ice Caps zone.
4:24 of 2nd period - Slapshot by Jordie Benn.
4:24 of 2nd period - Stopped by Petr Mrazek with a rebound.
5:23 of 2nd period - Snap shot by Tim Jackman.
5:23 of 2nd period - Shot Blocked by Jordie Benn.
5:25 of 2nd period - Slapshot by Nate Schmidt.
5:25 of 2nd period - Deflect By Tim Jackman.
5:25 of 2nd period - Americans goal is going for a video replay.
5:25 of 2nd period - The goal is refused. The net was displaced accidentally..
5:26 of 2nd period - Brandon Yip wins face-off versus Nick Cousins in Ice Caps zone.
5:50 of 2nd period - Wrist shot by Derek Grant.
5:50 of 2nd period - Stopped by Petr Mrazek with a rebound.
6:08 of 2nd period - Penalty to Troy Bodie is over, Troy Bodie is back on ice.
6:21 of 2nd period - Joel Vermin is hit by Paul Carey and loses puck.
6:46 of 2nd period - Slapshot by Paul Carey.
6:46 of 2nd period - Stopped by Petr Mrazek without a rebound.
6:47 of 2nd period - Derek Grant wins face-off versus Jerome Samson in Americans zone.
6:53 of 2nd period - B.J. Crombeen beats up Dany Heatley.
6:53 of 2nd period - Penalty to Dany Heatley for Fighting.
6:53 of 2nd period - Penalty to B.J. Crombeen for Fighting.
6:54 of 2nd period - Derek Grant wins face-off versus Jerome Samson in Ice Caps zone.
6:54 of 2nd period - Derek Grant is hit by Jake Chelios.
7:23 of 2nd period - Snap shot by Jerome Samson.
7:23 of 2nd period - Deflect By Kevin Sundher.
7:23 of 2nd period - Shot Misses the Net.
7:23 of 2nd period - Puck is out of play.
7:24 of 2nd period - Petri Kontiola wins face-off versus Kyle MacKinnon in Ice Caps zone.
7:31 of 2nd period - Backhand shot by Drew LeBlanc.
7:31 of 2nd period - Stopped by Petr Mrazek with a rebound.
7:59 of 2nd period - Nate Schmidt is hit by Alex Biega and loses puck.
8:22 of 2nd period - Nate Schmidt is hit by Alex Biega and loses puck.
8:36 of 2nd period - Backhand shot by Patrick Bordeleau.
8:36 of 2nd period - Shot Blocked by Bobby Sanguinetti.
9:08 of 2nd period - Wrist shot by Marc-Andre Cliche.
9:08 of 2nd period - Shot Misses the Net.
9:10 of 2nd period - Slapshot by Dylan DeMelo.
9:10 of 2nd period - Shot Misses the Net.
9:12 of 2nd period - Backhand shot by Jerome Samson.
9:12 of 2nd period - Deflect By Jordie Benn.
9:12 of 2nd period - Shot Misses the Net.
9:12 of 2nd period - Puck is out of play.
9:13 of 2nd period - Spencer Abbott wins face-off versus Derek Grant in Ice Caps zone.
9:16 of 2nd period - Wrist shot by Justin Hodgman.
9:16 of 2nd period - Stopped by Jeff Zatkoff with a rebound.
9:18 of 2nd period - Snap shot by Justin Hodgman.
9:18 of 2nd period - Shot Misses the Net.
9:24 of 2nd period - Wrist shot by Justin Hodgman.
9:24 of 2nd period - Stopped by Jeff Zatkoff with a rebound.
9:26 of 2nd period - Wrist shot by Spencer Abbott.
9:26 of 2nd period - Stopped by Jeff Zatkoff with a rebound.
9:28 of 2nd period - Snap shot by Justin Hodgman.
9:28 of 2nd period - Stopped by Jeff Zatkoff with a rebound.
9:57 of 2nd period - Minor Penalty to Daniel Maggio for Holding.
9:58 of 2nd period - Marc-Andre Cliche wins face-off versus Shawn Thornton in Americans zone.
10:16 of 2nd period - Slapshot by Jordie Benn.
10:16 of 2nd period - Goal by Jordie Benn - Ice Caps : 1 - Americans : 1.
10:17 of 2nd period - Derek Grant wins face-off versus Nick Cousins in neutral zone.
10:24 of 2nd period - Wrist shot by Paul Carey.
10:24 of 2nd period - Shot Blocked by Grant Clitsome.
10:26 of 2nd period - Snap shot by Chris Conner.
10:26 of 2nd period - Deflect By Derek Grant.
10:26 of 2nd period - Shot Blocked by Nate Schmidt.
10:26 of 2nd period - Puck is out of play.
10:27 of 2nd period - Derek Grant wins face-off versus Nick Cousins in Americans zone.
10:41 of 2nd period - Derek Grant beats up Tim Jackman.
10:41 of 2nd period - Penalty to Tim Jackman for Fighting.
10:41 of 2nd period - Penalty to Derek Grant for Fighting.
10:42 of 2nd period - Justin Hodgman wins face-off versus Shawn Thornton in Americans zone.
11:16 of 2nd period - Minor Penalty to TJ Galiardi for Hooking.
11:17 of 2nd period - Brandon Yip wins face-off versus Nick Cousins in Ice Caps zone.
11:21 of 2nd period - Wrist shot by Jordie Benn.
11:21 of 2nd period - Shot Blocked by Nate Schmidt.
11:23 of 2nd period - Snap shot by Alex Grant.
11:23 of 2nd period - Shot Misses the Net.
11:25 of 2nd period - Slapshot by Jordie Benn.
11:25 of 2nd period - Stopped by Petr Mrazek without a rebound.
11:26 of 2nd period - Justin Hodgman wins face-off versus Brandon Yip in Americans zone.
11:53 of 2nd period - Penalty to B.J. Crombeen is over, B.J. Crombeen is back on ice.
13:16 of 2nd period - Penalty to TJ Galiardi is over, TJ Galiardi is back on ice.
13:22 of 2nd period - Off-side.
13:23 of 2nd period - Dany Heatley wins face-off versus Tim Kennedy in neutral zone.
13:31 of 2nd period - Peter Andersson and Troy Bodie fight to a draw.
13:31 of 2nd period - Penalty to Peter Andersson for Fighting.
13:31 of 2nd period - Penalty to Troy Bodie for Fighting.
13:31 of 2nd period - Penalty to Peter Andersson for instigated a fight.
13:31 of 2nd period - Penalty to Peter Andersson for instigated and being the aggresor in a fight.
13:31 of 2nd period - Peter Andersson is ejected from game.
13:32 of 2nd period - Marc-Andre Cliche wins face-off versus Paul Carey in Ice Caps zone.
13:37 of 2nd period - Wrist shot by Marc-Andre Cliche.
13:37 of 2nd period - Stopped by Jeff Zatkoff with a rebound.
13:57 of 2nd period - Grant Clitsome is hit by Bobby Sanguinetti and loses puck.
14:18 of 2nd period - TJ Galiardi is hit by Grant Clitsome and loses puck.
15:02 of 2nd period - Snap shot by Paul Carey.
15:02 of 2nd period - Shot Blocked by Joel Vermin.
15:12 of 2nd period - Snap shot by Shawn Thornton.
15:12 of 2nd period - Deflect By Trevor Smith.
15:12 of 2nd period - Shot Blocked by Nate Schmidt.
15:12 of 2nd period - Puck is out of play.
15:13 of 2nd period - Marc-Andre Cliche wins face-off versus TJ Galiardi in Americans zone.
15:31 of 2nd period - Penalty to Peter Andersson is over, Joel Vermin is send on ice.
16:02 of 2nd period - Snap shot by Kyle MacKinnon.
16:02 of 2nd period - Stopped by Petr Mrazek without a rebound.
16:03 of 2nd period - Petri Kontiola wins face-off versus Kyle MacKinnon in Americans zone.
16:09 of 2nd period - Minor Penalty to Daniel Maggio for Hooking.
16:10 of 2nd period - Marc-Andre Cliche wins face-off versus TJ Galiardi in Americans zone.
16:18 of 2nd period - Dylan DeMelo is hit by Shawn Thornton.
16:59 of 2nd period - Nate Schmidt is hit by B.J. Crombeen and loses puck.
17:35 of 2nd period - Slapshot by Nate Schmidt.
17:35 of 2nd period - Shot Blocked by Chris Conner.
18:09 of 2nd period - Penalty to Daniel Maggio is over, Daniel Maggio is back on ice.
19:22 of 2nd period - Drew LeBlanc is hit by Kevin Sundher and loses puck.
19:40 of 2nd period - Nick D'Agostino is hit by Justin Hodgman and loses puck.
Goals for this period are 1 for Ice Caps vs 0 for Americans.
Shots for this period are 8 for Ice Caps vs 12 for Americans.

3rd period


0:01 of 3rd period - Nick Cousins wins face-off versus TJ Galiardi in neutral zone.
0:12 of 3rd period - Snap shot by Patrick Bordeleau.
0:12 of 3rd period - Deflect By Nick Cousins.
0:12 of 3rd period - Deflect By Jordie Benn.
0:12 of 3rd period - Shot Misses the Net.
0:12 of 3rd period - Puck is out of play.
0:13 of 3rd period - Nick Cousins wins face-off versus TJ Galiardi in Ice Caps zone.
1:23 of 3rd period - Justin Hodgman beats up B.J. Crombeen.
1:23 of 3rd period - Penalty to Justin Hodgman for Fighting.
1:23 of 3rd period - Penalty to B.J. Crombeen for Fighting.
1:23 of 3rd period - B.J. Crombeen is ejected from game.
1:24 of 3rd period - Petri Kontiola wins face-off versus Tim Kennedy in Ice Caps zone.
1:51 of 3rd period - Slapshot by Paul Carey.
1:51 of 3rd period - Stopped by Petr Mrazek without a rebound.
1:52 of 3rd period - Nick Cousins wins face-off versus TJ Galiardi in Americans zone.
2:14 of 3rd period - Slapshot by Grant Clitsome.
2:14 of 3rd period - Stopped by Jeff Zatkoff with a rebound.
2:16 of 3rd period - Wrist shot by Nate Schmidt.
2:16 of 3rd period - Shot Blocked by Trevor Smith.
2:18 of 3rd period - Slapshot by Nate Schmidt.
2:18 of 3rd period - Stopped by Jeff Zatkoff with a rebound.
2:26 of 3rd period - Wrist shot by Nick Cousins.
2:26 of 3rd period - Shot Blocked by Jordie Benn.
2:38 of 3rd period - Jordie Benn is hit by Marc-Andre Cliche and loses puck.
3:28 of 3rd period - Icing by Paul Carey.
3:29 of 3rd period - Petri Kontiola wins face-off versus Derek Grant in Ice Caps zone.
3:44 of 3rd period - Ruslan Fedotenko is hit by Derek Grant and loses puck.
3:53 of 3rd period - Wrist shot by Paul Carey.
3:53 of 3rd period - Shot Blocked by Petri Kontiola.
3:55 of 3rd period - Slapshot by Alex Biega.
3:55 of 3rd period - Shot Misses the Net.
4:17 of 3rd period - Snap shot by Kyle MacKinnon.
4:17 of 3rd period - Shot Misses the Net.
4:41 of 3rd period - Tim Jackman is hit by Kyle MacKinnon.
5:39 of 3rd period - Icing by Troy Bodie.
5:40 of 3rd period - Derek Grant wins face-off versus Kevin Sundher in Ice Caps zone.
5:47 of 3rd period - Minor Penalty to Grant Clitsome for Slashing.
5:48 of 3rd period - TJ Galiardi wins face-off versus Marc-Andre Cliche in Americans zone.
6:13 of 3rd period - Snap shot by Shawn Thornton.
6:13 of 3rd period - Goal by Shawn Thornton - Ice Caps : 2 - Americans : 1.
6:14 of 3rd period - Paul Carey wins face-off versus Nick Cousins in neutral zone.
8:31 of 3rd period - 10 Minutes Misconduct Penalty to Peter Andersson is over.
8:39 of 3rd period - Grant Clitsome is hit by Jordie Benn and loses puck.
8:50 of 3rd period - Troy Bodie is hit by Nick Cousins and loses puck.
9:17 of 3rd period - Nate Schmidt is hit by Brandon Yip.
9:50 of 3rd period - Backhand shot by Shawn Thornton.
9:50 of 3rd period - Shot Blocked by Daniel Maggio.
10:45 of 3rd period - Snap shot by Tim Jackman.
10:45 of 3rd period - Shot Blocked by Kyle MacKinnon.
10:47 of 3rd period - Wrist shot by Patrick Bordeleau.
10:47 of 3rd period - Stopped by Jeff Zatkoff with a rebound.
10:59 of 3rd period - Wrist shot by Jerome Samson.
10:59 of 3rd period - Shot Blocked by Alex Biega.
11:01 of 3rd period - Snap shot by Dany Heatley.
11:01 of 3rd period - Deflect By Jerome Samson.
11:01 of 3rd period - Stopped by Jeff Zatkoff with a rebound.
11:03 of 3rd period - Snap shot by Dany Heatley.
11:03 of 3rd period - Stopped by Jeff Zatkoff with a rebound.
11:54 of 3rd period - Slapshot by Jordie Benn.
11:54 of 3rd period - Stopped by Petr Mrazek with a rebound.
11:56 of 3rd period - Slapshot by Jordie Benn.
11:56 of 3rd period - Stopped by Petr Mrazek with a rebound.
12:14 of 3rd period - Grant Clitsome is hit by Troy Bodie and loses puck.
13:05 of 3rd period - Wrist shot by Derek Grant.
13:05 of 3rd period - Stopped by Petr Mrazek with a rebound.
13:07 of 3rd period - Snap shot by Chris Conner.
13:07 of 3rd period - Stopped by Petr Mrazek with a rebound.
14:22 of 3rd period - Alex Biega is hit by Joel Vermin.
15:06 of 3rd period - Patrick Bordeleau is hit by Alex Grant and loses puck.
16:02 of 3rd period - Snap shot by Chris Conner.
16:02 of 3rd period - Stopped by Petr Mrazek with a rebound.
16:25 of 3rd period - Wrist shot by Nick Cousins.
16:25 of 3rd period - Stopped by Jeff Zatkoff with a rebound.
17:14 of 3rd period - Alex Grant is hit by Spencer Abbott and loses puck.
17:35 of 3rd period - Slapshot by Jordie Benn.
17:35 of 3rd period - Shot Misses the Net.
17:37 of 3rd period - Wrist shot by Jordie Benn.
17:37 of 3rd period - Shot Blocked by Dylan DeMelo.
18:38 of 3rd period - Slapshot by Jordie Benn.
18:38 of 3rd period - Stopped by Petr Mrazek without a rebound.
18:39 of 3rd period - Derek Grant wins face-off versus Nick Cousins in Americans zone.
19:35 of 3rd period - Derek Grant is hit by Spencer Abbott and loses puck.
19:38 of 3rd period - Americans, Petr Mrazek is pulled from the net.
Goals for this period are 1 for Ice Caps vs 0 for Americans.
Shots for this period are 8 for Ice Caps vs 6 for Americans.